 Dungeon Crawl Stone Soup version 0.31-a0-1540-g5a0b83f448 (webtiles) character file.

Game seed: 11678287995345075573

612 bmb222 the Sneak (level 7, -1/47 HPs)
             Began as an Octopode Shapeshifter on Jan 1, 2024.
             Slain by an ice beast (7 damage)
             ... on level 5 of the Dungeon.
             The game lasted 00:04:23 (4024 turns).

bmb222 the Sneak (Octopode Shapeshifter)            Turns: 4024, Time: 00:04:24

Health: -1/47      AC:  1    Str: 15    XL:     7   Next: 44%
Magic:  7/7        EV: 14    Int: 19    God:
Gold:   258        SH:  0    Dex: 11    Spells: 6/6 levels left

rFire   . .          .
                       - Unarmed
rCold   . . .        (no shield)
rNeg    . . .        (helmet currently unavailable)
rPois   .            (no amulet)
rElec   .            k - +6 ring of intelligence
rCorr   .            (no ring)
SInv    .            (no ring)
Will    .....        (no ring)
Stlth   +++          (no ring)
HPRegen 0.27/turn    (no ring)
MPRegen 0.10/turn    (no ring)
                     (no ring)

%: no passive effects
@: beast-form
A: beast (slay +2), almost no armour, amphibious, 8 rings, camouflage 1,
gelatinous body 1, (nimble swimmer 1), tentacles
a: Begin Untransformation


You were on level 5 of the Dungeon.
You were a hulking beast.
You visited 1 branch of the dungeon, and saw 5 of its levels.

You collected 258 gold pieces.

Inventory:

Jewellery
 k - a +6 ring of intelligence (left tentacle)
Talismans
 b - a beast talisman
 c - a flux talisman
Wands
 o - a wand of flame (16)
Scrolls
 g - a scroll of enchant weapon
 i - 3 scrolls of noise
 j - a scroll of blinking
 n - 2 scrolls of teleportation
 p - a scroll of immolation
Potions
 a - a potion of lignification
 d - 2 potions of curing
 e - a potion of mutation {unknown}
 f - 4 potions of heal wounds
 m - a potion of resistance {unknown}


   Skills:
 * Level 3.8 Fighting
 + Level 3.8 Dodging
 + Level 4.5 Stealth
 + Level 4.4 Unarmed Combat
 + Level 4.3 Shapeshifting


You had 6 spell levels left.
You didn't know any spells.
Your spell library contained the following spells:

 Spells                   Type           Power      Damage    Failure   Level
 Apportation              Tloc           0%         N/A       21%         1
 Jinxbite                 Hex            0%         N/A       30%         2
 Alistair's Intoxication  Alch           0%         N/A       99%         5


Dungeon Overview and Level Annotations

Branches:
Dungeon (5/15)
 Temple: D:4-7

Altars:
Ashenzari

Annotations:
D:4 1 runed translucent door, Crazy Yiuf


Innate Abilities, Weirdness & Mutations

You are a hulking beast.
Your limbs bulge with bestial killing power. (Slay +2)
You cannot wear most types of armour.
You are amphibious.
You can wear up to eight rings at the same time.
Your skin changes colour to match your surroundings (Stealth+).
Your rubbery body absorbs attacks. (AC +1, EV +1)
((You are camouflaged when in or above water. (Stealth+)))
You have tentacles for arms and can constrict up to eight enemies at once.


Message History

You see here a quokka skeleton.
There is an open door here.
e - a bubbling red potion
There is an open door here.
You see here a stone.
You open the door.
There is an open door here.
There is an open door here.
There is an open door here.
Found 4 stones.
You see here a +0 hand axe.
You now have 255 gold pieces (gained 5).
Found a stone staircase leading down.
You now have 258 gold pieces (gained 3).
g - a scroll of enchant weapon
Found a stone staircase leading down.
An ice beast comes into view.
An ice beast is nearby!
An ice beast is nearby!
There is a stone staircase leading down here.
You completely miss the ice beast. Your squeeze misses the ice beast.
The ice beast misses you.
You tentacle-slap the ice beast.
The ice beast is lightly wounded.
The ice beast hits you. The ice beast freezes you!
You closely miss the ice beast. The ice beast hits you.
The ice beast freezes you!
You are too injured to fight recklessly!
You are too injured to fight recklessly!
You are too injured to fight recklessly!
You tentacle-slap the ice beast.
The ice beast is lightly wounded.
The ice beast hits you. The ice beast freezes you!
* * * LOW HITPOINT WARNING * * *
You tentacle-slap the ice beast.
The ice beast is lightly wounded.
The ice beast hits you.
* * * LOW HITPOINT WARNING * * *
The ice beast freezes you!
You die...

.. .. .# # .# #.
.# ###.##. #...Y.#
#h# #.# #.# #.#
#.# #.# ### #.#
..##############.#
#..........(..##.#


You could see an ice beast.

Vanquished Creatures
  Sigmund (D:2)
  A howler monkey (D:4)
  A jelly (D:4)
  A bombardier beetle (D:4)
  4 orc priests
  Terence (D:3)
  An iguana (D:4)
  2 orc wizards
  3 adders
  3 dart slugs
  4 ribbon worms
  13 orcs
  8 ball pythons
  4 endoplasms
  5 giant cockroaches
  6 goblins
  7 hobgoblins
  5 jackals (D:2)
  2 quokkas
  7 bats
  2 frilled lizards
  6 kobolds
  4 rats
91 creatures vanquished.

Notes
Turn   | Place    | Note
-------+----------+-------------------------------------------
     0 | D:1      | bmb222 the Octopode Shapeshifter began the quest for the
                  | Orb.
     0 | D:1      | Reached XP level 1. HP: 13/13 MP: 1/1
   137 | D:1      | Reached XP level 2. HP: 18/18 MP: 2/2
   218 | D:1      | Reached skill level 1 in Stealth
   805 | D:2      | Reached XP level 3. HP: 12/23 MP: 3/3
   903 | D:2      | Noticed Sigmund
   915 | D:2      | Killed Sigmund
   916 | D:2      | Reached XP level 4. HP: 3/30 MP: 4/4
   916 | D:2      | Reached XP level 5. HP: 4/35 MP: 5/5
  1791 | D:3      | Reached XP level 6. HP: 41/41 MP: 6/6
  2373 | D:4      | Found a runed translucent door.
  2374 | D:4      | Noticed Crazy Yiuf
  3064 | D:3      | Reached XP level 7. HP: 37/46 MP: 7/7
  3126 | D:3      | Found a broken altar of Ashenzari.
  3429 | D:3      | Noticed Terence
  3446 | D:3      | Killed Terence
  3524 | D:5      | Entered Level 5 of the Dungeon
  4024 | D:5      | Slain by an ice beast

Illustrated notes

Levels and vault maps discovered:
D:1:      minmay_arrival_split_and_join, layout_basic, serial_bayou_pond_a
D:2:      wander_river, layout_loops_cross, minmay_misc_feat_nine_boxes,
          kennysheep_small_spiral, uniq_sigmund
D:3:      layout_basic, ashenzari_conservatory_becter,
          kennysheep_cross_bottleneck, uniq_terence
D:4:      layout_rooms, hangedman_feature_mirror, uniq_crazy_yiuf_cottage
D:5:      layout_basic, grunt_ministairs_13

Skill      XL: |  1  2  3  4  5  6 |
---------------+-------------------+-----
Stealth        | 1 3 4 |  4.5
Fighting       | 2 3 |  3.8
Dodging        | 3 |  3.8
Unarmed Combat | 4 |  4.4
Shapeshifting  | 4 |  4.3

Action                     |  1- 3 |  4- 6 |  7- 9 || total
---------------------------+-------+-------+-------++-------
  Melee: Unarmed           |    47 |   117 |    29 ||   193
         Tentacles         |    10 |    23 |     7 ||    40
         Constrict         |    11 |    31 |     8 ||    50
         Punch             |     1 |     4 |       ||     5
  Evoke: Wand              |       |     1 |     2 ||     3
    Use: Scroll            |       |     1 |     9 ||    10
   Stab: Sleeping          |     5 |     9 |     3 ||    17
         Distracted        |       |     3 |       ||     3
 Armour: Skin              |    16 |    46 |    11 ||    73
  Dodge: Dodged            |    26 |    62 |     8 ||    96

Table legend: (Time is in decaauts)
 A = Elapsed time spent in this place.
 B = Non-inter-level travel time spent in this place.
 C = Inter-level travel time spent in this place.
 D = Time resting spent in this place.
 E = Time spent auto-exploring this place.
 F = Levels seen in this place.
 G = Mean time per level.
                   A        B        C        D        E       F      G
               +--------+--------+--------+--------+--------+-----+--------+
         Total |   4017 |   3840 |    177 |    582 |   2574 |   5 |  803.4 |
       Dungeon |   4017 |   3840 |    177 |    582 |   2574 |   5 |  803.4 |
               +--------+--------+--------+--------+--------+-----+--------+

Top non-repeatable levels by time:
     D:4: 1071 daAuts
     D:2: 961 daAuts
     D:3: 953 daAuts
     D:1: 794 daAuts
     D:5: 236 daAuts
